 Dungeon Crawl Stone Soup version 0.22.1-2-g9c5b331 (webtiles) character file.

3012 nightchill the Geomancer (level 9, 0/55 HPs)
             Began as a Gargoyle Earth Elementalist on Dec 29, 2018.
             Was a High Priest of Uskayaw.
             Slain by a killer bee (2 damage)
             ... on level 8 of the Dungeon.
             The game lasted 00:28:50 (9482 turns).

nightchill the Geomancer (GrEE)                     Turns: 9482, Time: 00:28:51

Health: 0/55       AC: 10    Str: 11    XL:     9   Next: 85%
Magic:  0/17       EV: 12    Int: 23    God:    Uskayaw [*****.]
Gold:   320        SH:  0    Dex: 10    Spells: 12/18 levels left

rFire    . . .     SeeInvis .   m - +0 dagger
rCold    . . .     Gourm    +   (no shield)
rNeg     + . .     Faith    .   a - +0 robe of the Apprentice {MR+ Regen+}
rPois    ∞         Spirit   .   (no helmet)
rElec    +         Reflect  .   (no cloak)
rCorr    .         Harm     .   g - +1 pair of gloves
MR       +....                  (no boots)
Stlth    +++.......             t - amulet of the gourmand
HPRegen  0.58/turn              v - +3 ring of intelligence
MPRegen  0.15/turn              A - ring of stealth

@: no status effects
A: negative energy resistance 1, electricity resistance, unbreathing,
petrification resistance, rot immunity, AC +6
a: Stomp, Line Pass, Grand Finale, Renounce Religion


You were on level 8 of the Dungeon.
You worshipped Uskayaw.
Uskayaw was noncommittal.
You were full.

You visited 1 branch of the dungeon, and saw 8 of its levels.

You collected 320 gold pieces.

Inventory:

Hand Weapons
 b - a +0 hunting sling
 m - a +0 dagger (weapon)
Missiles
 k - 55 sling bullets
 p - 73 stones (quivered)
Armour
 a - the +0 robe of the Apprentice (worn) {MR+ Regen+}
   (You found it on level 7 of the Dungeon)

   It affects your resistance to hostile enchantments.
   It increases your rate of regeneration.
 c - a +0 robe
 g - a +1 pair of gloves (worn)
 o - a +0 buckler
Jewellery
 t - an amulet of the gourmand (around neck)
 v - a +3 ring of intelligence (left hand)
 A - a ring of stealth (right hand)
Wands
 r - a wand of polymorph (14)
 w - a wand of paralysis (9)
 z - a wand of iceblast (9)
 C - a wand of random effects (5)
Scrolls
 f - 4 scrolls of teleportation
 h - 3 scrolls of remove curse
 l - a scroll of blinking
 q - 4 scrolls of identify
 x - a scroll of magic mapping
 y - 2 scrolls of enchant armour
Potions
 e - a potion of flight
 i - 2 potions of berserk rage
 j - 4 potions of curing
 n - 2 potions of haste
 s - a potion of brilliance
 u - a potion of heal wounds
 B - a potion of resistance {unknown}
Comestibles
 d - 10 rations


   Skills:
 + Level 5.8 Fighting
 * Level 5.7 Short Blades
 - Level 1.5 Dodging
 - Level 2.1 Stealth
 + Level 5.3 Spellcasting
   Level 0.7 Transmutations
 + Level 11.0 Earth Magic


You had 12 spell levels left.
You knew the following spells:

 Your Spells              Type           Power        Failure   Level  Hunger
a - Sandblast             Erth           ######       1%          1    None
b - Lee's Rapid Deconstr  Erth           ######....   2%          5    #####..

Your spell library contained the following spells:

 Spells                   Type           Power        Failure   Level  Hunger
 Passwall                 Tmut/Erth      ####....     1%          2    None
 Stone Arrow              Conj/Erth      ####..       2%          3    ##.....
 Corona                   Hex            #......      9%          1    None
 Petrify                  Tmut/Erth      ####....     9%          4    ####...
 Ensorcelled Hibernation  Hex/Ice        #.....       14%         2    None
 Confuse                  Hex            #.......     26%         3    ##.....
 Dazzling Spray           Conj/Hex       #.....       26%         3    ##.....
 Tukima's Dance           Hex            #.......     26%         3    ##.....


Dungeon Overview and Level Annotations

Branches:
Dungeon (8/15)             Temple (0/1) D:6
   Lair: D:8-11

Altars:
Ashenzari
Cheibriados
Elyvilon
Hepliaklqana
Makhleb
Qazlal
Ru
Sif Muna
Uskayaw
Vehumet
Zin
The Shining One

Shops:
D:5 (   D:6 }

Annotations:
D:2 exclusion: downstairs
D:4 3 runed doors, bananaglory's ghost, amateur HOFi


Innate Abilities, Weirdness & Mutations

You are resistant to torment.
Your stone body is resilient. (AC +6)
You are immune to poison.
You resist negative energy. (rN+)
You are resistant to electric shocks. (rElec)
You can survive without breathing.
You are immune to petrification.
You are immune to rotting.


Message History

The killer bee stings you.
* * * LOW HITPOINT WARNING * * *
The killer bee misses you. x2
The killer bee stings you but does no damage.
Uskayaw links your audience in an emotional bond!
Casting: Sandblast (safe; 1% risk of failure)
Confirm with . or Enter, or press ? or * to list all spells.
Aiming: Sandblast (safe; 1% risk of failure)
Press: ? - help, Shift-Dir - straight line, f/p - killer bee
Aim: a killer bee (sharing its pain)
The blast of sand hits the killer bee.
The killer bee is severely wounded.
p - 73 stones The killer bee stings you.
* * * LOW HITPOINT WARNING * * *
The killer bee stings you.
* * * LOW HITPOINT WARNING * * *
The killer bee stings you but does no damage.
The killer bee stings you.
You die...

### .# ..# .# ###
#.# ##.##.... #.#
#.....S.. ##.##
#.....#
####...#########.#
.......<.....†...#
<###...#########y# #
##.## #@# .#
#.##########y##..#.#
#..........))..†...#
..#############(.###
#.# .# #. #


You could see 2 killer bees.

Vanquished Creatures
  Menkaure (D:4)
  2 water moccasins
  2 ice beasts
  3 phantoms
  2 orc warriors
  3 ogres
  A centaur (D:7)
  A big kobold (D:7)
  2 bullfrogs
  3 scorpions
  8 killer bees (D:8)
  2 howler monkeys (D:4)
  5 crimson imps
  A centaur skeleton (D:4)
  A bullfrog skeleton (D:5)
  A hound (D:7)
  3 orc priests
  2 orc wizards
  Ijyb (D:3)
  11 worker ants
  A hound zombie (D:5)
  A worker ant zombie (D:5)
  4 gnolls
  A howler monkey skeleton (D:4)
  4 adders
  A shadow imp (D:6)
  An ooze (D:2)
  An adder skeleton (D:4)
  3 worms
  4 leopard geckos
  17 orcs
  7 bats
  8 giant cockroaches
  3 goblins
  4 hobgoblins
  3 jackals (D:2)
  10 kobolds
  7 quokkas
  A ball python (D:2)
  4 frilled lizards
  A jackal zombie (D:5)
  A leopard gecko skeleton (D:4)
  A quokka zombie (D:7)
  2 rats (D:1)
145 creatures vanquished.

Notes
Turn   | Place    | Note
-------+----------+-------------------------------------------
     0 | D:1      | nightchill the Gargoyle Earth Elementalist began the quest
                  | for the Orb.
     0 | D:1      | Reached XP level 1. HP: 10/10 MP: 3/3
    72 | D:1      | Reached skill level 4 in Earth Magic
   570 | D:1      | Reached XP level 2. HP: 15/15 MP: 5/5
  1154 | D:2      | Reached skill level 5 in Earth Magic
  1154 | D:2      | Reached XP level 3. HP: 19/19 MP: 6/6
  1467 | D:2      | Found a hazy altar of Hepliaklqana.
  1915 | D:2      | Reached XP level 4. HP: 22/24 MP: 7/7
  2049 | D:2      | Reached skill level 6 in Earth Magic
  2674 | D:3      | Noticed Ijyb
  2725 | D:3      | Paralysed by Ijyb for 5 turns
  2732 | D:3      | Paralysed by Ijyb for 2 turns
  2737 | D:3      | Killed Ijyb
  3099 | D:3      | Reached XP level 5. HP: 22/28 MP: 5/8
  3106 | D:3      | Learned a level 5 spell: Lee's Rapid Deconstruction
  3358 | D:3      | Noticed a water moccasin
  3381 | D:3      | Killed a water moccasin
  3381 | D:3      | Reached skill level 7 in Earth Magic
  3383 | D:3      | Reached skill level 8 in Earth Magic
  3383 | D:3      | Reached XP level 6. HP: 12/32 MP: 1/9
  3884 | D:3      | Noticed an ice beast
  3891 | D:3      | Killed an ice beast
  4442 | D:4      | Noticed Menkaure
  4453 | D:4      | Found a stormy altar of Qazlal.
  4736 | D:4      | Reached skill level 9 in Earth Magic
  4745 | D:4      | Found a hide-covered altar of Uskayaw.
  4753 | D:4      | Reached XP level 7. HP: 36/37 MP: 2/10
  4852 | D:4      | Reached skill level 1 in Fighting
  4877 | D:4      | Found a glowing golden altar of the Shining One.
  4989 | D:5      | Entered Level 5 of the Dungeon
  4998 | D:5      | Found Alory's Antique Weapon Boutique.
  5609 | D:4      | Reached XP level 8. HP: 42/46 MP: 8/13
  5687 | D:4      | Became a worshipper of Uskayaw the Reveler
  5693 | D:4      | Killed Menkaure
  5693 | D:4      | Reached skill level 1 in Short Blades
  5693 | D:4      | Reached * piety under Uskayaw
  5762 | D:4      | Found a runed gate.
  5762 | D:4      | Found a runed gate.
  5762 | D:4      | Found a runed gate.
  5840 | D:4      | Reached ** piety under Uskayaw
  6079 | D:4      | Noticed bananaglory's ghost (amateur HOFi)
  6316 | D:5      | Reached skill level 10 in Earth Magic
  6316 | D:5      | Reached *** piety under Uskayaw
  6322 | D:5      | Reached **** piety under Uskayaw
  7105 | D:6      | Found a staircase to the Ecumenical Temple.
  7344 | D:6      | Reached XP level 9. HP: 39/52 MP: 4/15
  7555 | D:6      | Found Goenuagod's Gadget Shop.
  7663 | D:6      | Found a radiant altar of Vehumet.
  7664 | D:6      | Found a glowing silver altar of Zin.
  7665 | D:6      | Found a deep blue altar of Sif Muna.
  7925 | D:6      | Found a white marble altar of Elyvilon.
  7951 | D:6      | Found a shattered altar of Ashenzari.
  7956 | D:6      | Found a sacrificial altar of Ru.
  7959 | D:6      | Found a snail-covered altar of Cheibriados.
  8449 | D:7      | Reached skill level 5 in Fighting
  8683 | D:7      | Got a thick robe
  8690 | D:7      | Identified the +0 robe of the Apprentice {MR+ Regen+} (You
                  | found it on level 7 of the Dungeon)
  8719 | D:7      | Found a burning altar of Makhleb.
  9132 | D:7      | Reached skill level 5 in Spellcasting
  9339 | D:8      | Reached skill level 5 in Short Blades
  9478 | D:8      | Reached skill level 11 in Earth Magic
  9479 | D:8      | Reached ***** piety under Uskayaw
  9482 | D:8      | HP: 2/55 [killer bee (5)]
  9482 | D:8      | Slain by a killer bee

Skill      XL: |  1  2  3  4  5  6  7  8  9 |
---------------+----------------------------+-----
Earth Magic    | 4 5 6 8 9 10 11 | 11.0
Fighting       | 3 4 5 |  5.8
Spellcasting   | 3 4 5 |  5.3
Short Blades   | 3 5 |  5.7
Dodging        | |  1.5
Stealth        | |  2.1
Transmutations | |  0.7

Action                   |  1- 3 |  4- 6 |  7- 9 || total
-------------------------+-------+-------+-------++-------
Melee: Club              |    78 |       |       ||    78
       Unarmed           |     5 |       |       ||     5
       Whip              |    16 |   196 |    33 ||   245
       Dagger            |       |       |   261 ||   261
Throw: Stone             |       |     1 |     4 ||     5
 Cast: Sandblast         |    18 |    41 |    89 ||   148
       Lee's Rapid Decon |       |       |    19 ||    19
  Use: Scroll            |       |    10 |    11 ||    21
       Potion            |       |       |     1 ||     1
 Stab: Sleeping          |     2 |       |     5 ||     7
       Paralysed         |       |       |     3 ||     3
  Eat: Chunk             |     4 |     7 |    22 ||    33
       Ration            |       |     1 |     1 ||     2
Armor: Robe              |    43 |    85 |    93 ||   221
Dodge: Dodged            |   101 |   139 |   224 ||   464
